 Dungeon Crawl Stone Soup version 0.24.0-1-gfbc8707 (webtiles) character file.

Game seed: 13429524299610137590, levelgen mode: deterministic

30636 Faca the Markscentaur (level 13, -5/122 HPs)
             Began as a Centaur Hunter on Nov 5, 2019.
             Was a High Priest of Okawaru.
             Killed from afar by a molten gargoyle (17 damage)
             ... with a bolt of magma
             ... in a volcano.
             The game lasted 01:09:52 (19071 turns).

Faca the Markscentaur (Centaur Hunter)             Turns: 19071, Time: 01:09:53

Health: -5/122     AC: 26    Str: 24    XL:     13   Next: 21%
Magic:  7/13       EV:  4    Int: 10    God:    Okawaru [*****.]
Gold:   804        SH:  2    Dex: 11    Spells: 12/12 levels left

rFire    + + .     SeeInvis .   v - +1 halberd (flame)
rCold    + + +     Gourm    .   (shield currently unavailable)
rNeg     + . .     Faith    .   s - +5 chain mail
rPois    +         Spirit   .   o - +2 helmet of the Hidden Vale {rElec rN+ MR++}
rElec    +         Reflect  +   t - +0 cloak
rCorr    .         Harm     .   I - +2 pair of gloves {archery}
MR       ++...                  A - +0 centaur barding {rF+}
Stlth    ..........             m - amulet of Moushef {Reflect *Slow rPois rC+++ SH+2 Stlth-}
HPRegen  0.30/turn              w - ring of protection from fire
MPRegen  0.13/turn              l - +3 ring of protection

@: mighty, very quick
A: large, hooves 3, blurry vision 1, deformed body, speed 2, screaming 1, tough
skin 3
a: Heroism, Finesse, Renounce Religion


You were in a volcano.
You worshipped Okawaru.
Okawaru was extremely pleased with you.
You were very hungry.

You visited 3 branches of the dungeon, and saw 15 of its levels.
You also visited: Gauntlet and Volcano.

You collected 1015 gold pieces.
You spent 211 gold pieces at shops.

Inventory:

Hand Weapons
 a - a +1 shortbow
 g - a +0 trident
 v - a +1 halberd of flaming (weapon)
 L - a +0 bardiche
Missiles
 d - 245 arrows
Armour
 o - the +2 helmet of the Hidden Vale (worn) {rElec rN+ MR++}
   (Okawaru gifted it to you in a volcano)

   It insulates you from electricity.
   It protects you from negative energy.
   It affects your resistance to hostile enchantments.
 s - a +5 chain mail (worn)
 t - a +0 cloak (worn)
 A - a +0 centaur barding of fire resistance (worn)
 G - a +1 hat of see invisible
 I - a +2 pair of gloves of archery (worn)
Jewellery
 h - the ring "Daerphen" {Ice rN+ Str-4 Dex+3}
   (You found it in a Gauntlet)

   [ring of ice]

   It enhances your ice magic.
   It affects your strength (-4).
   It affects your dexterity (+3).
   It makes you vulnerable to fire.
   It protects you from cold.
   It protects you from negative energy.
 j - an uncursed amulet of regeneration
 l - a +3 ring of protection (right hand)
 m - the amulet of Moushef (around neck) {Reflect *Slow rPois rC+++ SH+2 Stlth-}
   (You found it in a Gauntlet)

   [amulet of reflection]

   It shields you and reflects attacks.
   It renders you almost immune to cold.
   It protects you from poison.
   It may slow you when you take damage.
   It affects your SH (+2).
   It makes you less stealthy.
 w - a ring of protection from fire (left hand)
Wands
 r - a wand of paralysis (14)
 u - a wand of disintegration (8)
 y - a wand of digging (3)
Scrolls
 c - 5 scrolls of remove curse
 i - 10 scrolls of teleportation
 n - 2 scrolls of fear
 C - a scroll of enchant weapon
 H - 2 scrolls of fog
 M - a scroll of blinking
Potions
 b - 2 potions of might
 e - 4 potions of ambrosia
 k - 2 potions of cancellation
 p - 2 potions of lignification
 q - 6 potions of flight
 x - a potion of agility
 z - 3 potions of brilliance
 D - a potion of resistance
 E - a potion of haste {unknown}
 J - a potion of invisibility
Comestibles
 f - 24 rations


   Skills:
 + Level 13.1 Fighting
 + Level 11.8 Polearms
 + Level 16.8 Bows
 - Level 1.3 Dodging
 - Level 0.4 Stealth


You had 12 spell levels left.
You didn't know any spells.
Your spell library contained the following spells:

 Spells                   Type           Power        Failure   Level  Hunger
 Beastly Appendage        Tmut           #.....       97%         1    ##.....
 Corona                   Hex            #......      97%         1    ##.....
 Infusion                 Chrm           #...         97%         1    ##.....
 Magic Dart               Conj           #...         97%         1    ##.....
 Sandblast                Erth           #.....       97%         1    ##.....
 Shock                    Conj/Air       #...         97%         1    ##.....
 Blink                    Tloc           N/A          99%         2    ###....
 Call Imp                 Summ           #.......     99%         2    ###....
 Ensorcelled Hibernation  Hex/Ice        #.....       99%         2    ###....
 Passwall                 Tmut/Erth      #.......     99%         2    ###....
 Shroud of Golubria       Chrm/Tloc      #.....       99%         2    ###....
 Slow                     Hex            #.......     99%         2    ###....
 Song of Slaying          Chrm           #.......     99%         2    ###....
 Sticks to Snakes         Tmut           #.......     99%         2    ###....
 Swiftness                Chrm/Air       #.......     99%         2    ###....
 Confuse                  Hex            #.......     100%        3    ####...
 Conjure Flame            Conj/Fire      #.......     100%        3    ####...
 Dazzling Spray           Conj/Hex       #.....       100%        3    ####...
 Mephitic Cloud           Conj/Pois/Air  #.......     100%        3    ####...
 Regeneration             Chrm/Necr      #.........   100%        3    ####...
 Spectral Weapon          Hex/Chrm       #.......     100%        3    ####...
 Spider Form              Tmut/Pois      #.........   100%        3    ####...
 Static Discharge         Conj/Air       #.......     100%        3    ####...
 Stone Arrow              Conj/Erth      #.....       100%        3    ####...
 Tukima's Dance           Hex            #.......     100%        3    ####...
 Airstrike                Air            #.........   100%        4    #####..
 Ice Form                 Ice/Tmut       #.......     100%        4    #####..
 Petrify                  Tmut/Erth      #.......     100%        4    #####..
 Blade Hands              Tmut           #.........   100%        5    ######.
 Lee's Rapid Deconstruct  Erth           #.........   100%        5    ######.
 Lightning Bolt           Conj/Air       #.........   100%        5    ######.


Dungeon Overview and Level Annotations

Branches:
Dungeon (11/15)            Temple (1/1) D:5            Lair (3/6) D:9
    Orc (0/2) D:10        Volcano (1/1)             Gauntlet (visited)
  Swamp: Lair:2-4    Shoals: Lair:2-4     Snake: Lair:2-4    Spider: Lair:2-4

Altars:
Ashenzari
Cheibriados
Dithmenos
Fedhas
Gozag
Hepliaklqana
Kikubaaqudgha
Makhleb
Nemelex Xobeh
Okawaru
Qazlal
Ru
Sif Muna
Trog
Uskayaw
Vehumet
Wu Jian
Xom
Yredelemnul
Zin
The Shining One
Beogh

Shops:
D:4 !   D:10 ?   D:11 (

Annotations:
D:4 3 runed translucent doors, MagicManICT's ghost, amateur HaSu
D:11 2 transporters, tkappleton's ghost, journeyman MiBe


Innate Abilities, Weirdness & Mutations

You have hooves in place of feet.
Armour fits poorly on your strangely shaped body.
You cover ground very quickly.
You have extremely tough skin. (AC +3)
Scrolls take you a little longer to read.
You occasionally shout uncontrollably at your foes.


Message History

Aim: a molten gargoyle, wielding a +0 mace You reach to attack!
You hit the molten gargoyle but do no damage.
The molten gargoyle blasts magma at you!
The bolt of magma hits you! You partially resist.
* * * LOW HITPOINT WARNING * * *
Attack whom?
Press: ? - help, Dir - move target cursor, f/p - molten gargoyle
Aim: a molten gargoyle, wielding a +0 mace You reach to attack!
Your chain mail prevents you from hitting the molten gargoyle.
Your hands slow down.
Attack whom?
Press: ? - help, Dir - move target cursor, f/p - molten gargoyle
Aim: a molten gargoyle, wielding a +0 mace You reach to attack!
Your chain mail prevents you from hitting the molten gargoyle.
The molten gargoyle blasts magma at you!
The bolt of magma hits you! You partially resist.
You die...

#..#..⌠..# #####
#.)##...## ####..§§
##'####†## ####....≈§§
##....#...###8.....§≈≈≈
#.._..9.∩.'........≈≈≈§
#...###8....≈≈§§≈ ##
###9## ###..≈§≈≈≈§
#$[##..)## #...§≈§≈§
#$!#.@⌠..# #..≈≈≈§≈≈§
#()8.....# #..≈≈≈≈≈≈≈≈
#.##.....#...§≈≈≈≈≈§≈§
# #..8..#..§§§≈≈≈≈§≈≈
##...###.§§≈≈≈≈≈≈≈≈
##### ##.. ≈§≈≈≈≈ ##
≈≈≈


You could see a molten gargoyle.

Vanquished Creatures
  Gastronok (Lair:1)
  A fire dragon (D:10)
  Fannar (D:10)
  A great orb of eyes (D:9)
  2 hydras (Lair:3)
  Erica (D:9)
  Sonja (Lair:1)
  A sun demon (Volcano)
  2 unseen horrors
  An orc knight (D:8)
  A lindwurm (Lair:2)
  An orc sorcerer (Volcano)
  2 ugly things
  A manticore (D:9)
  2 black mambas
  A rust devil (Gauntlet)
  3 spiny frogs
  A kobold demonologist (D:11)
  A komodo dragon (Lair:1)
  A red devil (Volcano)
  3 hornets (D:11)
  9 blink frogs
  5 hippogriffs
  A ynoxinul (Gauntlet)
  A water elemental (D:11)
  A wyvern (D:11)
  A vampire (D:10)
  15 yaks
  7 fire bats (Volcano)
  4 hungry ghosts
  A basilisk (D:9)
  A steam dragon (D:8)
  Edmund (D:5)
  3 hell hounds (Volcano)
  An acid dragon (D:11)
  4 water moccasins
  7 porcupines
  Duvessa (D:4)
  A black bear (D:11)
  3 ice beasts
  4 sky beasts
  7 orc warriors
  3 ogres
  10 wolves
  3 centaurs
  6 crocodiles
  14 big kobolds
  10 bullfrogs
  Dowan (D:4)
  A water moccasin zombie (D:11)
  3 scorpions
  16 wights
  13 killer bees
  5 electric eels
  A howler monkey (D:7)
  4 crimson imps
  2 bullfrog zombies (D:9)
  A centaur zombie (D:11)
  3 lava snakes (Volcano)
  2 quasits (D:7)
  6 jellies
  3 orc priests
  6 hounds
  A water moccasin simulacrum (D:9)
  2 iron imps (Gauntlet)
  16 orc wizards
  A bullfrog skeleton (D:4)
  A centaur skeleton (D:4)
  3 iguanas
  8 worker ants
  A killer bee zombie (D:7)
  3 hound skeletons
  Robin (D:3)
  8 gnolls
  A worker ant zombie (D:7)
  11 adders
  A howler monkey skeleton (D:6)
  2 shadow imps
  An ooze (D:7)
  4 adder skeletons
  3 worms
  5 leopard geckos
  37 orcs
  5 bats
  5 giant cockroaches
  11 goblins
  2 hobgoblins
  10 jackals
  21 kobolds
  4 quokkas
  A ball python (D:2)
  A leopard gecko zombie (D:5)
  A quokka skeleton (D:7)
  6 rats
397 creatures vanquished.

Vanquished Creatures (others)
  3 plants (D:9)
  23 withered plants (Gauntlet)
26 creatures vanquished.

Grand Total: 423 creatures vanquished

Notes
Turn   | Place    | Note
-------+----------+-------------------------------------------
     0 | D:1      | Faca the Centaur Hunter began the quest for the Orb.
     0 | D:1      | Reached XP level 1. HP: 17/17 MP: 1/1
   517 | D:1      | Reached XP level 2. HP: 16/25 MP: 2/2
  1535 | D:2      | Reached skill level 6 in Bows
  1535 | D:2      | Reached XP level 3. HP: 15/30 MP: 3/3
  1767 | D:2      | Reached XP level 4. HP: 37/38 MP: 4/4
  2299 | D:3      | Noticed Robin
  2357 | D:3      | Reached skill level 1 in Polearms
  2524 | D:3      | Killed Robin
  2706 | D:3      | Reached XP level 5. HP: 41/46 MP: 5/5
  3330 | D:4      | Reached skill level 7 in Bows
  3627 | D:4      | Reached XP level 6. HP: 50/52 MP: 6/6
  3758 | D:4      | Found a runed translucent gate.
  3759 | D:4      | Found a runed translucent gate.
  3759 | D:4      | Found a runed translucent gate.
  3759 | D:4      | Noticed MagicManICT's ghost (amateur HaSu)
  3761 | D:4      | Found a roughly hewn altar of Beogh.
  3825 | D:4      | Found Xyoxt's Distillery.
  4024 | D:4      | Noticed Duvessa
  4035 | D:4      | Noticed Dowan
  4039 | D:4      | Killed Duvessa
  4059 | D:4      | Killed Dowan
  4059 | D:4      | Reached skill level 8 in Bows
  4059 | D:4      | Reached XP level 7. HP: 56/60 MP: 7/7
  4245 | D:5      | Entered Level 5 of the Dungeon
  4265 | D:5      | Reached skill level 5 in Fighting
  4690 | D:5      | Found a staircase to the Ecumenical Temple.
  4702 | Temple   | Entered the Ecumenical Temple
  4778 | Temple   | Became a worshipper of Warmaster Okawaru
  4883 | D:5      | Found a sacrificial altar of Ru.
  5089 | D:5      | Reached skill level 9 in Bows
  5166 | D:6      | Found a snail-covered altar of Cheibriados.
  5180 | D:5      | Reached XP level 8. HP: 65/70 MP: 8/8
  5573 | D:6      | Noticed Edmund
  5690 | D:5      | Reached * piety under Okawaru
  5812 | D:5      | Killed Edmund
  5812 | D:5      | Reached skill level 5 in Polearms
  5866 | D:6      | Reached skill level 10 in Bows
  5956 | D:6      | Found a bloodstained altar of Trog.
  6281 | D:7      | Reached XP level 9. HP: 66/79 MP: 9/9
  6403 | D:7      | Reached ** piety under Okawaru
  6645 | D:7      | Reached skill level 11 in Bows
  6710 | D:7      | Paralysed by fainting for 10 turns
  7403 | D:7      | You fall into a shaft and drop 1 floor!
  7622 | D:8      | Reached *** piety under Okawaru
  8353 | D:8      | Reached skill level 12 in Bows
  8353 | D:8      | Reached XP level 10. HP: 69/90 MP: 10/10
  8465 | D:9      | Reached **** piety under Okawaru
  8601 | D:8      | Received a gift from Okawaru
  8726 | D:9      | Found a staircase to the Lair.
  8982 | D:9      | Noticed an orc knight
  8983 | D:9      | Noticed a great orb of eyes
  9428 | D:8      | Killed an orc knight
  9768 | D:9      | Found a glowing silver altar of Zin.
  9779 | D:9      | Found a bloodstained altar of Trog.
  9783 | D:9      | Noticed a manticore
  9809 | D:9      | Killed a great orb of eyes
  9809 | D:9      | Received a gift from Okawaru
  9809 | D:9      | Reached skill level 13 in Bows
  9919 | D:9      | Killed a manticore
  9919 | D:9      | Reached skill level 10 in Fighting
 10013 | D:9      | Noticed Erica
 10383 | D:9      | Killed Erica
 10383 | D:9      | Reached ***** piety under Okawaru
 10383 | D:9      | Reached XP level 11. HP: 66/99 MP: 11/11
 10701 | D:10     | Entered Level 10 of the Dungeon
 10729 | D:9      | Killed an unseen horror
 10740 | D:10     | Found a staircase to the Orcish Mines.
 10815 | D:10     | Found Waheficel's Magic Scroll Boutique.
 10838 | D:10     | Received a gift from Okawaru
 10885 | D:10     | Bought a scroll of noise for 15 gold pieces
 11042 | D:10     | Noticed Fannar
 11101 | D:10     | Killed Fannar
 11101 | D:10     | Reached skill level 14 in Bows
 11516 | D:10     | Noticed a fire dragon
 11568 | D:10     | Killed a fire dragon
 12060 | D:11     | Found Sikuotyo's Antique Weapon Shoppe.
 12091 | D:11     | Bought a glowing halberd for 196 gold pieces
 12108 | D:11     | Killed an unseen horror
 12138 | D:11     | Found a gate leading to a gauntlet.
 12154 | Gauntlet | Entered a Gauntlet
 12154 | Gauntlet | Found a transporter.
 12163 | Gauntlet | Found a transporter.
 12165 | Gauntlet | Found a transporter.
 12167 | Gauntlet | Found a transporter.
 12169 | Gauntlet | Noticed a green ugly thing
 12169 | Gauntlet | Noticed a green ugly thing
 12182 | Gauntlet | Found a transporter.
 12197 | Gauntlet | Found a transporter.
 12202 | Gauntlet | Found a transporter.
 12215 | Gauntlet | Noticed a death yak
 12215 | Gauntlet | Noticed a death yak
 12216 | Gauntlet | Noticed a death yak
 12216 | Gauntlet | Noticed a death yak
 12216 | Gauntlet | Noticed a necromancer
 12216 | Gauntlet | Noticed a death yak
 12217 | Gauntlet | Found a transporter.
 12236 | Gauntlet | Found a transporter.
 12244 | Gauntlet | Noticed a glowing orange brain
 12248 | Gauntlet | Found a transporter.
 12252 | Gauntlet | Noticed a glowing orange brain
 12260 | Gauntlet | Found a transporter.
 12272 | Gauntlet | Found a transporter.
 12274 | Gauntlet | Noticed an obsidian statue
 12284 | Gauntlet | Found a transporter.
 12299 | Gauntlet | Found a transporter.
 12299 | Gauntlet | Found a transporter.
 12330 | Gauntlet | Found a transporter.
 12332 | Gauntlet | Found a transporter.
 12393 | Gauntlet | Found a transporter.
 12393 | Gauntlet | Noticed a necromancer
 12688 | Gauntlet | Gained mutation: Scrolls take you a little longer to read.
                  | [a neqoxec]
 12689 | Gauntlet | Gained mutation: You occasionally shout uncontrollably at
                  | your foes. [a neqoxec]
 12921 | Gauntlet | Got a shimmering golden amulet
 12927 | Gauntlet | Noticed a minotaur
 12950 | Gauntlet | Got a crude granite ring
 12952 | Gauntlet | Identified the ring "Daerphen" {Ice rN+ Str-4 Dex+3} (You
                  | found it in a Gauntlet)
 13047 | D:11     | Identified the amulet of Moushef {Reflect *Slow rPois rC+++
                  | SH+2 Stlth-} (You found it in a Gauntlet)
 13230 | D:11     | Received a gift from Okawaru
 13614 | D:11     | Reached skill level 10 in Polearms
 13642 | D:11     | Noticed a sun demon
 13647 | D:11     | Noticed a soul eater
 13961 | D:11     | Found a transporter.
 13979 | D:11     | Noticed tkappleton's ghost (journeyman MiBe)
 13988 | D:11     | Found a transporter.
 14045 | D:11     | Noticed a skeletal warrior
 14345 | D:11     | Reached skill level 15 in Bows
 14541 | D:11     | Noticed a purple ugly thing
 14550 | D:11     | Killed a purple ugly thing
 14550 | D:11     | Reached XP level 12. HP: 110/110 MP: 12/12
 15470 | Lair:1   | Entered Level 1 of the Lair of Beasts
 15470 | Lair:1   | Noticed Sonja
 15480 | Lair:1   | Killed Sonja
 15481 | Lair:1   | Noticed Gastronok
 15683 | Lair:1   | Killed Gastronok
 17221 | Lair:2   | Reached skill level 16 in Bows
 17230 | Lair:2   | Received a gift from Okawaru
 17401 | Lair:2   | Received a gift from Okawaru
 17575 | Lair:2   | Received a gift from Okawaru
 18236 | Lair:3   | Noticed a five-headed hydra
 18245 | Lair:3   | Killed a one-headed hydra
 18251 | Lair:3   | Noticed a six-headed hydra
 18258 | Lair:3   | Killed a three-headed hydra
 18258 | Lair:3   | Reached XP level 13. HP: 82/119 MP: 13/13
 18438 | Lair:3   | Received a gift from Okawaru
 18610 | Lair:3   | Found a dark tunnel.
 18619 | Volcano  | Entered a volcano
 18755 | Volcano  | Reached ****** piety under Okawaru
 18966 | Volcano  | Received a gift from Okawaru
 18967 | Volcano  | Got a pitted helmet {god gift}
 18995 | Volcano  | Identified the +2 helmet of the Hidden Vale {rElec rN+
                  | MR++} (Okawaru gifted it to you in a volcano)
 19035 | Volcano  | Found a bloodstained altar of Trog.
 19071 | Volcano  | Killed from afar by a molten gargoyle

Levels and vault maps discovered:
D:1:      minmay_arrival_hallway, layout_basic, hex_tiny,
          minmay_misc_feat_four_crosses
D:2:      layout_loops_ring
D:3:      layout_basic, first_ration, uniq_robin
D:4:      layout_loops_ring, serial_shops, shop, biasface_ghost_orc_armoury,
          chequers_serial_rivers_micro_e, uniq_duvessa
D:5:      layout_rooms, minmay_temple_entry_arrows,
          nicolae_ru_the_path_less_chosen
D:6:      layout_basic, overflow_temple_1_default, lemuel_altar_in_water,
          uniq_edmund
D:7:      layout_layer_cave
D:8:      layout_loops_cross
D:9:      layout_loops_ring, minmay_lair_entry_grove, jmf_multi_god_temple,
          uniq_erica
D:10:     dragon1_lemuel, layout_cave_pools, orc_0_dummy, serial_shops, shop,
          st_stairs_5, uniq_fannar
D:11:     layout_basic, serial_shops, shop, gauntlet_entry_generic,
          gammafunk_ghost_mausoleum, special_room [special_room_kobold],
          hangedman_pestilent_swarm, minivault_14, grunt_decor_clamped,
          wad_floor_pattern_untrapped
Temple:   regret_index_temple_sigil_plot
Lair:1:   layout_gridlike, lemuel_fruit_tree, grunt_megastairs_1,
          infiniplex_staircase_pool, uniq_sonja, uniq_gastronok
Lair:2:   layout_gridlike, st_stairs_9, beast_lair_carwin_9
Lair:3:   layout_regular_city, lightli_volcano_entry_magma_tube,
          grunt_megastairs_4
Volcano:  volcano_grotto [vgs_many_chambers]

Skill      XL: |  1  2  3  4  5  6  7  8  9 10 11 12 13 |
---------------+----------------------------------------+-----
Bows           | 6 7 8 9 10 12 13 15 16 | 16.8
Fighting       | 3 4 5 7 8 10 11 12 13 | 13.1
Polearms       | 1 2 3 4 5 7 8 10 11 | 11.8
Dodging        | |  1.3
Stealth        | |  0.4

Action                   |  1- 3 |  4- 6 |  7- 9 | 10-12 | 13-15 || total
-------------------------+-------+-------+-------+-------+-------++-------
Melee: Short sword       |    83 |       |       |       |       ||    83
       Kick              |    10 |    31 |   148 |   251 |    25 ||   465
       Spear             |     7 |   149 |       |       |       ||   156
       Trident           |       |    11 |   659 |   428 |       ||  1098
       Halberd           |       |       |    12 |   611 |   147 ||   770
       Flail             |       |       |    13 |       |       ||    13
 Fire: Shortbow          |    10 |    22 |     7 |   173 |       ||   212
Invok: Heroism           |       |       |       |     8 |     1 ||     9
       Finesse           |       |       |       |       |     1 ||     1
Evoke: Wand              |       |       |       |     8 |       ||     8
  Use: Scroll            |       |    12 |     7 |     9 |       ||    28
       Potion            |       |       |       |     7 |     2 ||     9
  Eat: Chunk             |     2 |     6 |    11 |    23 |     2 ||    44
       Ration            |       |       |     2 |     3 |       ||     5
Armor: Leather armour    |    20 |       |       |       |       ||    20
       Ring mail         |    24 |    38 |       |       |       ||    62
       Chain mail        |       |    50 |   610 |   764 |    77 ||  1501
Dodge: Dodged            |    37 |    49 |   166 |   153 |    18 ||   423
Block: Other             |       |       |       |    33 |     4 ||    37
